AoeStats
← Hidalgo

Fortress

510100544Analyzed
4v4 RM · 2d ago on Sep 29, 2026· 19m 7s· 8 players
Game mode
Random Map
Map size
Huge
Population
200
Speed
Normal
Resources
Standard
Victory
Conquest
Starting age
Dark Age
Ending age
Imperial Age
RankedLock teamsTeams togetherTeam positionsShared explorationLock speedFull tech treeHidden civsTurbo modeCheats
Victory
Defeat
🇨🇳 Persians · China
1029
+13
🇨🇳 Chinese · China
950
+17
🇨🇳 Spanish · China
947
+17
🇨🇳 Byzantines · China
944
+17
🇪🇸 Lithuanians · Spain
997
-17
🇨🇭 Danes · Switzerland
992
-18
🇹🇷 Malians · Türkiye
935
-15
🇹🇷 Franks · Türkiye
929
-14
Hidalgo
7:46 Feudal Age
12:48 Castle Age
11:03 Stone Mining
12:28 Double-Bit Axe
MacGyver (RubenS)
0:44 Loom
5:35 Feudal Age
6:14 Horse Collar
6:21 Double-Bit Axe
7:28 Town Watch
10:01 Wheelbarrow
12:29 Gold Mining
15:55 Castle Age
15:11 Stone Mining
15:34 Forging
15:29 Scale Barding Armor
15:54 Bloodlines
17:19 Light Cavalry
orb.blue
0:40 Loom
7:46 Feudal Age
12:37 Castle Age
12:06 Scale Mail Armor
12:16 Forging
12:18 Double-Bit Axe
15:15 Horse Collar
18:33 Wheelbarrow
TidierCast1585
2:25 Loom
8:05 Feudal Age
12:57 Castle Age
10:59 Horse Collar
11:08 Double-Bit Axe
2531249740
7:51 Feudal Age
12:32 Castle Age
10:34 Double-Bit Axe
10:59 Horse Collar
15:15 Gold Mining
16:23 Bow Saw
17:30 Scale Barding Armor
17:35 Forging
suansuan
9:26 Feudal Age
13:39 Castle Age
14:16 Double-Bit Axe
14:42 Horse Collar
15:39 Heavy Plow
16:42 Fletching
16:53 Padded Archer Armor
18:57 Bow Saw
ppwt
8:23 Feudal Age
12:43 Castle Age
11:32 Double-Bit Axe
11:30 Horse Collar
13:46 Gold Mining
15:04 Scale Barding Armor
17:06 Loom
18:33 Gold Shaft Mining
384917149
7:04 Feudal Age
10:49 Castle Age
9:34 Double-Bit Axe
9:38 Horse Collar
11:05 Gold Mining
12:09 Bow Saw
16:29 Padded Archer Armor
16:23 Loom
18:37 Leather Archer Armor
Connection lost

Rejoining the realm…

Still unreachable

The connection could not be restored.

Session expired

The server has moved on; the page needs a fresh start.